[Event "Late-Titled-Tuesday-Blitz-April-02-2024"]
[Site "Chess.com"]
[Date "2024.04.02"]
[Round "2"]
[White "czasnaszachy"]
[Black "protectiago"]
[Result "1-0"]
[WhiteElo "2425"]
[BlackElo "2060"]
[TimeControl "180+1"]
[EndTime "14:17:00 PDT"]
[Termination "czasnaszachy won by resignation"]

1. e4 e5 2. Nf3 Nc6 3. Bb5 a6 4.
Ba4 Nf6 5. O-O Nxe4 6. d4 b5 7. Bb3 d5 8. dxe5 Be6 9. Qe2 Bc5 10. Nbd2 Bf5 11. Nxe4 dxe4 12. Ng5 O-O 13. e6 Nd4 14. exf7+ Kh8 15. Qh5 Bg6 16. Qg4 Bf5 17. Qh5 Bg6 18. Qd1 Nxb3 19. axb3 Bxf7 20. Nxf7+ Rxf7 21. Qh5 Qe7 22. Bg5 Qe5 23. Qxf7 Qxg5 24. Qxc7 Rf8 25. Qg3 Qf6 26.
Rxa6 e3 27. Rxf6 exf2+ 28. R6xf2 Rd8 29. Kh1 Bxf2 30. Qxf2 h6 31. Qf8+ 1-0

[Event "Late-Titled-Tuesday-Blitz-April-02-2024"]
[Site "Chess.com"]
[Date "2024.04.02"]
[Round "2"]
[White "Oleksandr_Bortnyk"]
[Black "Alexei_Gubajdullin"]
[Result "1-0"]
[WhiteElo "3041"]
[BlackElo "2616"]
[TimeControl "180+1"]
[EndTime "14:17:01 PDT"]
[Termination "Oleksandr_Bortnyk won by checkmate"]

1. e4 g6 2. d4 Bg7 3. Nc3 d6 4. Bg5 c6 5. Qd2 Nd7 6. f4 Qc7 7.
e5 d5 8. Nf3 Nb6 9. Bd3 Nc4 10.
Bxc4 dxc4 11. d5 h6 12. Bh4 cxd5 13. Nxd5 Qc6 14. O-O-O Be6 15. Nb4 Qa4 16. Nd5 Qc6 17. Qa5 b6 18. Nb4 Qb7 19. Qb5+ Bd7 20. Qxc4 Rc8 21.
Qb3 g5 22. fxg5 Bf5 23. Nd4 Bg6 24. Qa4+ Kf8 25. Rhf1 e6 26. Nxe6+ Ke7 27. Nxg7 h5 28. Nd5+ Qxd5 29. Rxd5 Rxc2+ 30. Qxc2 Bxc2 31. Kxc2 Kf8 32.
Nf5 Ke8 33. g6 fxg6 34. Ng7# 1-0

[Event "Late-Titled-Tuesday-Blitz-April-02-2024"]
[Site "Chess.com"]
[Date "2024.04.02"]
[Round "2"]
[White "andrzej"]
[Black "AlexeiShirov"]
[Result "0-1"]
[WhiteElo "2488"]
[BlackElo "2823"]
[TimeControl "180+1"]
[EndTime "14:17:01 PDT"]
[Termination "AlexeiShirov won by checkmate"]

1. e4 e5 2. Nf3 Nc6 3. Bb5 a6 4. Ba4 Nf6 5. O-O Be7 6. Re1 b5 7. Bb3 d6 8. a4 Bg4 9. c3 O-O 10.
d3 b4 11. Nbd2 Rb8 12. Nf1 Bxf3 13. gxf3 Nh5 14. Ng3 Nf4 15. Bxf4 exf4 16. Ne2 Bg5 17. d4 Bh6 18. a5 Qg5+ 19. Kh1 Qh5 20. Nc1 bxc3 21. bxc3 Nxa5 22. Bd5 Rb2 23. Rxa5 Rxf2 24. Bxf7+ Qxf7 25. Rg1 Rb8 26. Nd3 Ra2 27. Rf5 Qc4 28.
Nxf4 Rbb2 29. Ng2 Qxc3 30. Rh5 Rxg2 31. Rxg2 Ra1 32. Qxa1 Qxa1+ 33. Rg1 Qc3 34. Rf5 g6 35.
Rf6 Bg7 36. Rf4 Bxd4 37. Rb1 Be5 38. Rb8+ Kg7 39. Rff8 Qe1+ 40. Kg2 Qe2+ 41. Kg1 Bd4+ 42. Kh1 Qf1# 0-1

[Event "Late-Titled-Tuesday-Blitz-April-02-2024"]
[Site "Chess.com"]
[Date "2024.04.02"]
[Round "2"]
[White "Good_Knight_Kiss"]
[Black "rikchessmx"]
[Result "1-0"]
[WhiteElo "2487"]
[BlackElo "2229"]
[TimeControl "180+1"]
[EndTime "14:17:04 PDT"]
[Termination "Good_Knight_Kiss won by resignation"]

1. e4 c5 2. Nf3 e6 3. d4 cxd4 4. Nxd4 a6 5. Nc3 Qc7 6. g3 h5 7. h3 h4 8. g4 Bc5 9. Nb3 Ba7 10. f4 g5 11. Qf3 f6 12. fxg5 fxg5 13. Bxg5 Nc6 14.
Bd3 Ne5 15. Qg2 Nf7 16. Bd2 b5 17. O-O-O Bb7 18. Kb1 O-O-O 19. Rhf1 Ne5 20. Qe2 Ne7 21. a4 b4 22. Na2 a5 23. c3 bxc3 24. Nxc3 Nxd3 25.
Qxd3 Nc6 26. Nb5 Qb6 27. Nd6+ Kb8 28. Nxb7 Qxb7 29. Nxa5 Nxa5 30. Bxa5 Bb6 31. Qd6+ Ka7 32. Bxb6+ Qxb6 33. Rf7 Qxd6 34. Rxd6 Rhf8 35. Rdxd7+ Rxd7 36. Rxd7+ Kb6 37. Rh7 Rf4 38. Rxh4 Rxe4 39. Kc2 Ka5 40. Rh6 Kxa4 41. g5 Kb4 42. h4 Kc4 43. g6 Re2+ 44.
Kd1 Rg2 45. h5 Kd3 46. Ke1 Ke3 47. Kf1 Rxb2 48. Rh7 Kf3 49. Ke1 Rg2 50. g7 e5 51.
h6 e4 52. Rh8 Re2+ 53. Kd1 Ke3 54. g8=Q Rf2 55. Qg3+ Rf3 56. Qxf3+ exf3 57. Rf8 f2 58. h7 1-0

[Event "Late-Titled-Tuesday-Blitz-April-02-2024"]
[Site "Chess.com"]
[Date "2024.04.02"]
[Round "2"]
[White "RodokininEV"]
[Black "Walter_White_Poland"]
[Result "1-0"]
[WhiteElo "2700"]
[BlackElo "2446"]
[TimeControl "180+1"]
[EndTime "14:17:05 PDT"]
[Termination "RodokininEV won by resignation"]

1. e4 g6 2. d4 Bg7 3. c4 d6 4. Nc3 Nd7 5. Nf3 e6 6. Be2 b6 7. O-O Bb7 8. Be3 Ne7 9. Qd2 h6 10. Rac1 g5 11. Rfd1 Ng6 12. b3 Qe7 13. Nb5 Nf6 14. e5 Ng4 15. exd6 cxd6 16. d5 Nxe3 17. fxe3 e5 18. b4 O-O 19. c5 bxc5 20. bxc5 dxc5 21. d6 Qd8 22. Nc7 e4 23. Ne1 Be5 24. Nxa8 Bxa8 25. Rxc5 Qb6 26. Rxe5 Nxe5 27. Qd4 Qxd4 28. Rxd4 Nd7 29.
Ra4 Rd8 30. Rxa7 Bd5 31. Nc2 Nf6 32. Nd4 Rxd6 33. a4 Rb6 34. a5 Rb2 35. a6 Ra2 36. h3 Kg7 37. Rc7 Ne8 38. Rd7 Be6 39. Re7 Rxe2 40.
Nxe2 Nd6 41. a7 Bd5 42. Rd7 1-0

[Event "Late-Titled-Tuesday-Blitz-April-02-2024"]
[Site "Chess.com"]
[Date "2024.04.02"]
[Round "2"]
[White "vladoboch"]
[Black "carlsenCamacho"]
[Result "1/2-1/2"]
[WhiteElo "2537"]
[BlackElo "2301"]
[TimeControl "180+1"]
[EndTime "14:17:08 PDT"]
[Termination "Game drawn by repetition"]

1. e4 g6 2. d4 Bg7 3. Nf3 c6 4. Nc3 d5 5. e5 Bg4 6. h3 Bxf3 7. Qxf3 f6 8. Bf4 fxe5 9. Bxe5 Nf6 10. Bd3 Nbd7 11.
O-O O-O 12. Qe2 e6 13. Rae1 Qb6 14. Nd1 Rae8 15. c3 Nxe5 16. Qxe5 Ne4 17. Qh2 Nd2 18.
Re2 Nxf1 19. Kxf1 c5 20. dxc5 Qxc5 21. Ne3 e5 22. Bc2 d4 23. Ng4 dxc3 24. bxc3 Qxc3 25. Bb3+ Kh8 26. h4 e4 27. h5 gxh5 28. Qxh5 e3 29. Bc2 Qa1+ 30. Re1 Qxe1+ 31. Kxe1 exf2+ 32. Kd2 Rd8+ 33. Ke3 Rde8+ 34. Kd2 Rd8+ 35. Ke3 Rde8+ 36. Kd2 1/2-1/2

[Event "Late-Titled-Tuesday-Blitz-April-02-2024"]
[Site "Chess.com"]
[Date "2024.04.02"]
[Round "2"]
[White "kai_nov"]
[Black "Caracal3000"]
[Result "0-1"]
[WhiteElo "2287"]
[BlackElo "2534"]
[TimeControl "180+1"]
[EndTime "14:17:08 PDT"]
[Termination "Caracal3000 won on time"]

1. d4 d5 2. c4 e6 3. Nc3 c6 4.
Bf4 dxc4 5. e3 b5 6. a4 Bb4 7.
axb5 cxb5 8. Qf3 Qd5 9. Qg3 Nf6 10. Qxg7 Rg8 11. Qxf6 Rxg2 12. Bd6 Bxc3+ 13. bxc3 Nc6 14. Bc5 Bb7 15. Ne2 Rg6 16. Qh8+ Kd7 17. Qxh7 Nd8 18.
Rg1 Rxg1 19. Nxg1 Qe4 20. Rc1 Qxh7 21. Ne2 Qxh2 22. Ng3 a5 23. Rb1 Qg1 24. Rxb5 Bg2 25. Rb2 Bxf1 26. Nxf1 a4 27. Ba3 Qg6 28. Ng3 Qd3 29. Ne2 Kc6 30. f3 Nb7 31. Kf2 Rh8 32. Kg2 Rg8+ 33. Kf2 Qd1 34. Be7 Rh8 0-1

[Event "Late-Titled-Tuesday-Blitz-April-02-2024"]
[Site "Chess.com"]
[Date "2024.04.02"]
[Round "2"]
[White "Zq1"]
[Black "Vladimir_Zakhartsov"]
[Result "1-0"]
[WhiteElo "2617"]
[BlackElo "2964"]
[TimeControl "180+1"]
[EndTime "14:17:10 PDT"]
[Termination "Zq1 won on time"]

1. d4 Nf6 2. c4 e6 3. g3 c5 4.
Nf3 cxd4 5. Nxd4 Nc6 6. Bg2 Bb4+ 7. Bd2 Qb6 8. e3 Ne5 9. Qb3 Bc5 10. O-O O-O 11.
Qxb6 Bxb6 12. Bb4 Rd8 13. b3 d5 14. Be7 Re8 15. Bxf6 gxf6 16. cxd5 Nd3 17. Nc3 e5 18. Ndb5 Bg4 19. h3 Bd7 20. Nd6 Reb8 21. Be4 Nc5 22.
Bf5 Rd8 23. b4 Na4 24. Nxa4 Bxa4 25. Nxb7 Rdb8 26. Nc5 Bb5 27. Rfd1 a5 28. a3 Kf8 29. d6 Rd8 30. Bxh7 axb4 31. axb4 Rab8 32. Be4 Kg7 33. Rac1 Rbc8 34. Kg2 Rb8 35. g4 1-0

[Event "Late-Titled-Tuesday-Blitz-April-02-2024"]
[Site "Chess.com"]
[Date "2024.04.02"]
[Round "2"]
[White "Road2GM3000"]
[Black "NateSolon"]
[Result "1-0"]
[WhiteElo "2484"]
[BlackElo "2702"]
[TimeControl "180+1"]
[EndTime "14:17:10 PDT"]
[Termination "Road2GM3000 won by resignation"]

1. d4 Nf6 2. c4 e6 3. Nc3 Bb4 4.
Nf3 O-O 5. Bg5 c5 6. e3 cxd4 7. exd4 h6 8. Bh4 Qa5 9. Bxf6 Bxc3+ 10. bxc3 Qxc3+ 11. Nd2 gxf6 12. Qg4+ Kh7 13. Rb1 Nc6 14. d5 Nd4 15. h4 Rg8 16. Qf4 Nc2+ 17. Kd1 Qd4 18.
Qf3 b5 19. Bd3+ f5 20. Bxc2 bxc4 21. dxe6 dxe6 22. Kc1 Ba6 23. Rd1 Qxh4 24. Nf1 Rad8 25. Ne3 Rxd1+ 26. Nxd1 Qd4 27. Ne3 Rd8 28. Nxf5 exf5 29.
Qxf5+ Kg7 30. Qh7+ Kf8 31. Qxh6+ Ke7 32. Qg5+ Qf6 33.
Qxf6+ Kxf6 34. Rb4 Rh8 35. Be4 Rh4 36. Bf3 Rd4 37. Kc2 Ke5 38. Ra4 Bb5 39. Rxa7 f5 40. Ra5 1-0

[Event "Late-Titled-Tuesday-Blitz-April-02-2024"]
[Site "Chess.com"]
[Date "2024.04.02"]
[Round "2"]
[White "nabukatnezarr"]
[Black "Polish_fighter3000"]
[Result "0-1"]
[WhiteElo "2626"]
[BlackElo "3155"]
[TimeControl "180+1"]
[EndTime "14:17:11 PDT"]
[Termination "Polish_fighter3000 won on time"]

1. Nf3 d5 2. g3 c5 3. Bg2 Nf6 4.
O-O h6 5. d3 Nc6 6. Na3 e6 7.
c4 Be7 8. b3 O-O 9. Bb2 d4 10.
Nc2 e5 11. e3 a5 12. Re1 Qc7 13. Na3 Bf5 14. Nb5 Qd7 15. exd4 exd4 16. Ne5 Nxe5 17.
Rxe5 Bg4 18. Qd2 Rfe8 19. Rae1 Bf8 20. Rxe8 Nxe8 21. Qf4 Nd6 22. a4 g5 23. Qd2 Nxb5 24.
axb5 Bd6 25. Bd5 Kg7 26. b6 Ra6 27. Ba3 Bf5 28. Kg2 Bh3+ 29. Kg1 Rxb6 30. Ra1 Rxb3 31. Qxa5 Rxd3 32. Bxc5 Bxc5 33. Qxc5 Qa4 34. Re1 Rd1 35.
Qe7 Be6 36. Kg2 Rxe1 0-1

[Event "Late-Titled-Tuesday-Blitz-April-02-2024"]
[Site "Chess.com"]
[Date "2024.04.02"]
[Round "2"]
[White "Korchmar_Vasiliy"]
[Black "Smiechu"]
[Result "0-1"]
[WhiteElo "2725"]
[BlackElo "2487"]
[TimeControl "180+1"]
[EndTime "14:17:11 PDT"]
[Termination "Smiechu won by checkmate"]

1. e4 c5 2. d4 cxd4 3. Qxd4 Nc6 4. Qd3 g6 5. Nc3 Bg7 6. Nf3 d6 7. Be2 Nf6 8. O-O O-O 9. Nd5 Bg4 10. c3 Nxd5 11.
exd5 Bxf3 12. Qxf3 Ne5 13. Qg3 Qb6 14. Qh4 Rfe8 15. a4 a6 16. a5 Qc7 17. Be3 Nd7 18. f4 Nf6 19. Bf3 Qc4 20. Rfd1 Rac8 21. Bd4 Nd7 22. Kh1 Bxd4 23. Rxd4 Qb3 24. Rb4 Qc2 25. Rxb7 Nc5 26. Rb6 Nb3 27. Bd1 Qxb2 28. Rxb3 Qxa1 29. Qe1 Rb8 30. Rb4 Rxb4 31. cxb4 Rc8 32. h4 Rc1 33. Qxe7 Rxd1+ 34. Kh2 Re1 35. Qxd6 Qd4 36. b5 Qg1+ 37. Kh3 Re3+ 38. Kg4 Qxg2# 0-1

[Event "Late-Titled-Tuesday-Blitz-April-02-2024"]
[Site "Chess.com"]
[Date "2024.04.02"]
[Round "2"]
[White "manitodeplomo"]
[Black "Janh4"]
[Result "1-0"]
[WhiteElo "2634"]
[BlackElo "2179"]
[TimeControl "180+1"]
[EndTime "14:17:11 PDT"]
[Termination "manitodeplomo won by resignation"]

1. d4 d5 2. c4 e6 3. Nf3 h6 4. Nc3 Nf6 5. g3 Be7 6. Bg2 O-O 7. O-O b6 8. cxd5 exd5 9. Qc2 Bb7 10. Rd1 Nbd7 11.
Bf4 a6 12. Ne5 Re8 13. Qf5 Nf8 14. Rac1 Bc8 15. Qc2 Bb7 16. Qb3 Ne6 17. Be3 c5 18. dxc5 Nxc5 19. Bxc5 Bxc5 20. Nd3 Rc8 21. e3 Ba8 22.
Ne2 Ne4 23. Ndf4 Qf6 24. Rc2 g5 25. Nd3 Nxf2 26. Nxf2 Bxe3 27. Rf1 Rxc2 28. Qxc2 d4 29. Bxa8 Rxa8 30. Qd3 Re8 31. Kg2 Qc6+ 32. Kg1 Qf3 33. Qd1 d3 34. Nc3 Bxf2+ 35. Rxf2 Qxd1+ 36. Nxd1 Re2 37. Kf1 Re3 38. Nxe3 1-0

[Event "Late-Titled-Tuesday-Blitz-April-02-2024"]
[Site "Chess.com"]
[Date "2024.04.02"]
[Round "2"]
[White "only_strong_moves"]
[Black "Stalri"]
[Result "0-1"]
[WhiteElo "2744"]
[BlackElo "2562"]
[TimeControl "180+1"]
[EndTime "14:17:12 PDT"]
[Termination "Stalri won by checkmate"]

1. Nc3 Nf6 2. e4 d6 3. d4 Nbd7 4. Nf3 g6 5. e5 Nh5 6. Be2 c5 7. exd6 exd6 8. O-O Bg7 9. Nb5 O-O 10. Nxd6 Qc7 11.
Nb5 Qb6 12. dxc5 Nxc5 13. Qd6 Qxd6 14. Nxd6 Rd8 15. Nxc8 Raxc8 16. c3 a5 17. Be3 Na4 18. Rab1 Nf6 19. Bb5 Nc5 20. Rbd1 Nd5 21. Bd4 Bxd4 22. Nxd4 Ne4 23. Ne2 Nc7 24. Bd3 Nc5 25. Bc2 b5 26. Nd4 b4 27. cxb4 axb4 28. Nc6 Re8 29. Nxb4 N7e6 30.
Nd5 Kg7 31. Ne3 Rb8 32. b3 Nf4 33. Rfe1 Nce6 34. g3 Nh3+ 35. Kg2 Nhg5 36. h4 Nf4+ 37. gxf4 Ne6 38. f5 Nf4+ 39. Kg3 Nh5+ 40. Kh2 Ra8 41.
a4 Rab8 42. a5 Rb5 43. a6 Ra8 44. Ra1 Rb4 45. Nc4 Nf6 46. fxg6 hxg6 47. Re7 Rb5 48. a7 Rh5 49. Kg3 g5 50. hxg5 Rxg5+ 51. Kh2 Rh8+ 52. Bh7 Rxh7# 0-1

[Event "Late-Titled-Tuesday-Blitz-April-02-2024"]
[Site "Chess.com"]
[Date "2024.04.02"]
[Round "2"]
[White "Cambek64"]
[Black "Yushko_Olga"]
[Result "1-0"]
[WhiteElo "2504"]
[BlackElo "2251"]
[TimeControl "180+1"]
[EndTime "14:17:13 PDT"]
[Termination "Cambek64 won by checkmate"]

1. e4 Nf6 2. e5 Nd5 3. Nc3 Nb6 4. d4 d6 5. f4 dxe5 6. fxe5 Bf5 7. Be3 e6 8. Nf3 Bb4 9. a3 Bxc3+ 10.
bxc3 Nd5 11. Bd2 c5 12. c4 Nb6 13. dxc5 N6d7 14. Be3 O-O 15. Bd3 Bg4 16. Be4 Qc7 17. Qd6 Qa5+ 18. Bd2 Qxc5 19. Bxb7 Qxc4 20. Bxa8 Na6 21. Qxd7 Rxa8 22. Qd4 Qxc2 23. Qxg4 h5 24. Qd4 Nc5 25. O-O Nb3 26. Qc3 Nxa1 27. Rxa1 Qe4 28. Qe3 Qd5 29. Rf1 Rc8 30. h3 Rc2 31. Rf2 Qb5 32.
Kh2 Ra2 33. Ng5 Qb1 34. Rxf7 Ra1 35. Kg3 Qb2 36. Bc3 Rxa3 37. Qf3 Rxc3 38. Rf8# 1-0

[Event "Late-Titled-Tuesday-Blitz-April-02-2024"]
[Site "Chess.com"]
[Date "2024.04.02"]
[Round "2"]
[White "sergoy"]
[Black "ninguno46"]
[Result "1-0"]
[WhiteElo "2897"]
[BlackElo "2581"]
[TimeControl "180+1"]
[EndTime "14:17:14 PDT"]
[Termination "sergoy won on time"]

1. d4 Nf6 2. c4 e6 3. Nf3 Bb4+ 4. Nbd2 b6 5. a3 Bxd2+ 6. Qxd2 Bb7 7. e3 O-O 8. Be2 d6 9. O-O a5 10. b3 Nbd7 11. Bb2 Ne4 12. Qc2 f5 13. d5 e5 14.
Ne1 Ng5 15. f4 exf4 16. exf4 Ne4 17. Nf3 Ndf6 18. Nd4 Bc8 19. Bf3 Re8 20. Rae1 Bd7 21. Re2 Re7 22. Rfe1 Qe8 23. g4 Qg6 24. g5 Rae8 25.
h4 h5 26. Kg2 Ng4 27. b4 axb4 28. axb4 Qh7 29. Qb3 Qg6 30. Qa3 Qf7 31. Qa7 Nd2 32. Qxc7 Rxe2+ 33. Rxe2 Ne3+ 34. Kf2 Nexc4 35. Bc3 Nxf3 36.
Qxc4 1-0

[Event "Late-Titled-Tuesday-Blitz-April-02-2024"]
[Site "Chess.com"]
[Date "2024.04.02"]
[Round "2"]
[White "Sesleria"]
[Black "Speed-O-Sonic"]
[Result "0-1"]
[WhiteElo "2159"]
[BlackElo "2448"]
[TimeControl "180+1"]
[EndTime "14:17:14 PDT"]
[Termination "Speed-O-Sonic won by resignation"]

1. c4 e6 2. Nc3 d5 3. e3 Nf6 4. Nf3 b6 5. cxd5 exd5 6. d4 Bb7 7. Bd3 Nbd7 8. O-O Bd6 9. Nb5 Be7 10. b3 O-O 11.
Ba3 c6 12. Bxe7 Qxe7 13. Nc3 c5 14. Re1 Rac8 15. Rc1 Ne4 16. Bf1 Rfe8 17. dxc5 Nxc3 18. Rxc3 bxc5 19. Rc1 Nf6 20. Bb5 Red8 21. Qc2 Qd6 22. Be2 Ne4 23. g3 h5 24. Nd2 Nf6 25. Bf3 h4 26. e4 hxg3 27. hxg3 dxe4 28. Nxe4 Bxe4 29. Bxe4 Qd2 30. Re2 Qxc2 31. Rcxc2 Rd1+ 32. Kg2 g6 33. Bf3 Rd4 34. Red2 Rxd2 35. Rxd2 c4 36. Rc2 c3 37. b4 Rc4 38. a3 Nd7 39. Bd5 Rc7 40. Kf3 Nb6 41.
Ke4 Re7+ 42. Kd4 Rd7 43. Kxc3 Rxd5 44. Re2 a5 45. Re8+ Kg7 46. Rb8 axb4+ 47. axb4 Nd7 48. Rb7 Ne5 49. b5 Rd3+ 50. Kb4 Rf3 51. Re7 Kf6 52. Re8 Rxf2 53. b6 Rb2+ 54. Kc5 Nd7+ 55. Kd6 Nxb6 0-1

[Event "Late-Titled-Tuesday-Blitz-April-02-2024"]
[Site "Chess.com"]
[Date "2024.04.02"]
[Round "2"]
[White "elcala"]
[Black "FREZZY23"]
[Result "0-1"]
[WhiteElo "1808"]
[BlackElo "2411"]
[TimeControl "180+1"]
[EndTime "14:17:14 PDT"]
[Termination "FREZZY23 won by resignation"]

1. d4 Nf6 2. Bf4 g6 3. e3 Bg7 4.
Nf3 O-O 5. h3 d6 6. Be2 c5 7. c3 Nc6 8. O-O Qb6 9. Qb3 Be6 10. Qc2 Rac8 11. dxc5 Qxc5 12. Nbd2 Nb4 13. Qa4 Nbd5 14. Bh2 Bd7 15. Qc2 e5 16. Rac1 h6 17.
Rfd1 Nxe3 18. fxe3 Qxe3+ 19. Kf1 Bf5 20. Qa4 d5 21.
Bg1 Qf4 22. Bh2 Qxa4 23. a3 Nh5 24. Nxe5 Rfe8 25. Nef3 Nf6 26. Re1 Ne4 27. Nxe4 dxe4 28. Nd4 Bxd4 29. cxd4 Qxd4 30. Rcd1 Qxb2 31. Bg1 e3 32.
Bh2 Qf6 33. Kg1 Rc2 34. Bf3 Bxh3 35. Rd6 Rxg2+ 36. Bxg2 Qf2+ 0-1

[Event "Late-Titled-Tuesday-Blitz-April-02-2024"]
[Site "Chess.com"]
[Date "2024.04.02"]
[Round "2"]
[White "Joshuachick"]
[Black "picturesquecheck"]
[Result "1-0"]
[WhiteElo "2874"]
[BlackElo "2403"]
[TimeControl "180+1"]
[EndTime "14:17:15 PDT"]
[Termination "Joshuachick won by resignation"]

1. e4 c6 2. Nf3 d5 3. exd5 g6 4. dxc6 Nxc6 5. d4 Bg7 6. c3 Bg4 7. Be2 Nf6 8. O-O O-O 9. Nbd2 Qc7 10. h3 Bf5 11. Nc4 Rfd8 12. Bg5 Ne4 13. Ne3 Nxg5 14. Nxg5 Bc8 15. Qb3 e6 16. Rad1 b6 17. f4 Bb7 18.
g3 h6 19. Nf3 a6 20. h4 b5 21. a3 Rac8 22. h5 g5 23. Ng2 g4 24. Nfh4 Na5 25. Qa2 Bd5 26. Qb1 f5 27. Ne3 Ba8 28. Bd3 Qf7 29.
Ng6 Qb7 30. Kh2 Nc4 31. Bxc4 bxc4 32. Rf2 Qf7 33. Re1 Be4 34. Qd1 Qc7 35. Nxg4 Rb8 36. Rxe4 fxe4 37. Ne3 Rb5 38. Qg4 Qf7 39. f5 Rf8 40. f6 Kh7 41. Ne5 Qg8 42. Qxe4+ 1-0

[Event "Late-Titled-Tuesday-Blitz-April-02-2024"]
[Site "Chess.com"]
[Date "2024.04.02"]
[Round "2"]
[White "martabartel"]
[Black "Yeritsyaan"]
[Result "0-1"]
[WhiteElo "2230"]
[BlackElo "2643"]
[TimeControl "180+1"]
[EndTime "14:17:16 PDT"]
[Termination "Yeritsyaan won on time"]

1. d4 f5 2. Bg5 Nf6 3. Bxf6 exf6 4. e3 g6 5. h4 h5 6. Ne2 d5 7. Nf4 Kf7 8. c4 dxc4 9. Bxc4+ Kg7 10. Nc3 c6 11. Qf3 Bd6 12. O-O-O Qe7 13. d5 b5 14.
Bb3 b4 15. Nce2 c5 16. Ne6+ Bxe6 17. dxe6 Na6 18. Rxd6 Qxd6 19. Rd1 Qe5 20. Qb7+ Kh6 21. Qxa6 c4 22. Bc2 Rac8 23. Qd6 Rhd8 24. Qxe5 fxe5 25. Rd7 b3 26. Bb1 Rxd7 27. exd7 Rd8 28. axb3 cxb3 29.
Nc3 Rxd7 30. f3 Kg7 31. e4 f4 32. Nd5 Rd6 33. Bd3 Rc6+ 34. Kd2 a5 35. Bb5 Rc8 36.
Ba4 Rc2+ 37. Kd3 Rxb2 38. Kc3 Rxg2 39. Kxb3 Rg3 40. Kc4 Rxf3 41. Kc5 Ra3 42. Bc6 a4 43. Kd6 f3 44. Kxe5 f2 45. Bb5 Rb3 46. Bc4 a3 0-1

[Event "Late-Titled-Tuesday-Blitz-April-02-2024"]
[Site "Chess.com"]
[Date "2024.04.02"]
[Round "2"]
[White "FredddieCroderg"]
[Black "Josetricks"]
[Result "1-0"]
[WhiteElo "2399"]
[BlackElo "2653"]
[TimeControl "180+1"]
[EndTime "14:17:18 PDT"]
[Termination "FredddieCroderg won by checkmate"]

1. d4 g6 2. h4 Nf6 3. Nh3 d6 4. Nf4 e5 5. dxe5 dxe5 6. Qxd8+ Kxd8 7. Nd3 e4 8. Ne5 Be6 9. Bg5 Be7 10. Nc3 h6 11. O-O-O+ Ke8 12. Bf4 c6 13. e3 Nd5 14.
Nxd5 cxd5 15. Bb5+ Kf8 16. f3 Kg7 17. fxe4 dxe4 18. Bc4 Bxc4 19. Nxc4 Rc8 20. Be5+ f6 21.
Bd6 Rxc4 22. Bxe7 Kf7 23. Ba3 Nc6 24. Rd7+ Ke6 25. Rhd1 Rc8 26. R1d6+ Kf5 27. b3 Rxc2+ 28. Kxc2 Ne5+ 29. Kd2 Nxd7 30. Rxd7 Kg4 31. Rd6 Kxh4 32. Rxf6 g5 33. Rxh6+ Kg3 34. Re6 Kxg2 35. Rxe4 Kf3 36.
Re7 g4 37. Rf7+ Kg2 38. Rxb7 Rd8+ 39. Ke2 Rc8 40. Rxa7 Rc2+ 41. Kd3 Rxa2 42. Bc5 Rb2 43. b4 g3 44. e4 Kf1 45. e5 g2 46. e6 Rf2 47. Ra1# 1-0

[Event "Late-Titled-Tuesday-Blitz-April-02-2024"]
[Site "Chess.com"]
[Date "2024.04.02"]
[Round "2"]
[White "KnightDuta"]
[Black "egnfanclub"]
[Result "1-0"]
[WhiteElo "2766"]
[BlackElo "2376"]
[TimeControl "180+1"]
[EndTime "14:17:19 PDT"]
[Termination "KnightDuta won by resignation"]

1. e4 e5 2. Nf3 Nc6 3. Bc4 Nf6 4.
d3 Bc5 5. O-O d6 6. c3 a5 7. Re1 O-O 8. h3 h6 9. Nbd2 a4 10. Bb5 Bd7 11. Bxa4 Rxa4 12. Qxa4 Nb4 13. Qd1 Nxd3 14. Rf1 Bc6 15. b4 Ba7 16. Qc2 Nxf2 17. Rxf2 Bxf2+ 18. Kxf2 Nh5 19. Nf1 f5 20. exf5 e4 21.
Nd4 Qh4+ 22. Kg1 Bd7 23. Qf2 Qe7 24. Ng3 Nxg3 25. Qxg3 c5 26. bxc5 dxc5 27. Nb3 Qf6 28. Nxc5 Bxf5 29. Be3 Qxc3 30. Rf1 b6 31. Na4 Qc6 32.
Nxb6 Rf6 33. Kh2 Rg6 34. Qb8+ Kh7 35. Rxf5 Qc2 36. Rf2 Qd1 37. Qe5 Qd8 38. Nd5 Rd6 39.
Qxe4+ 1-0

[Event "Late-Titled-Tuesday-Blitz-April-02-2024"]
[Site "Chess.com"]
[Date "2024.04.02"]
[Round "2"]
[White "Sargsyan_Shant"]
[Black "ahkashefi2800"]
[Result "1-0"]
[WhiteElo "2954"]
[BlackElo "2594"]
[TimeControl "180+1"]
[EndTime "14:17:20 PDT"]
[Termination "Sargsyan_Shant won on time"]

1. c4 c5 2. g3 g6 3. Bg2 Bg7 4. Nc3 Nc6 5. d3 Nf6 6. Qd2 a6 7. b3 Rb8 8. Bb2 O-O 9. h4 h5 10. Nh3 d6 11. Nf4 e5 12. Nfd5 Nxd5 13. Nxd5 Ne7 14.
Nc3 b5 15. O-O Bb7 16. Bxb7 Rxb7 17. e4 bxc4 18. dxc4 Nc6 19. Nd5 Kh7 20. Kg2 f5 21. exf5 Rxf5 22. Rad1 Nd4 23. Bxd4 cxd4 24. Qd3 Rbf7 25. f4 Qf8 26. Rde1 exf4 27. Rxf4 Rxf4 28. Nxf4 Be5 29. Qxg6+ Kh8 30. Qxh5+ Kg8 31. Qg4+ Rg7 32.
Ng6 Qa8+ 33. Kh3 d3 34. h5 d2 35. Rd1 Kh7 36. Qf5 Kh6 37. Kg4 Qg2 38. Qf3 Qh2 39.
Qe3+ Kh7 40. Rxd2 Qh1 41. Qf3 Qxf3+ 42. Kxf3 Rf7+ 43. Kg4 Rg7 44. Rf2 Kh6 45. Rf8 1-0

[Event "Late-Titled-Tuesday-Blitz-April-02-2024"]
[Site "Chess.com"]
[Date "2024.04.02"]
[Round "2"]
[White "slorovel"]
[Black "B_nn_t"]
[Result "1/2-1/2"]
[WhiteElo "2636"]
[BlackElo "2246"]
[TimeControl "180+1"]
[EndTime "14:17:22 PDT"]
[Termination "Game drawn by stalemate"]

1. e4 c5 2. Nf3 d6 3. b3 Nf6 4. d3 e5 5. Be2 Be7 6. a4 O-O 7. O-O Nc6 8. Na3 Ne8 9. Nc4 f5 10.
exf5 Bxf5 11. Ne3 Be6 12. Bb2 h6 13. c4 Bg5 14. Nd2 Bxe3 15. fxe3 Nf6 16. Bf3 Qd7 17. Qe2 Rf7 18. Ne4 Nxe4 19. dxe4 Raf8 20. Rad1 Qe7 21.
Qf2 Bg4 22. Qg3 Bxf3 23. Rxf3 Rxf3 24. gxf3 Rf6 25. Kf2 a5 26. h4 b6 27. Bc3 Qf7 28. Rg1 Nb8 29. Qg4 Nd7 30. h5 Nf8 31. Rd1 Qe6 32.
Kg3 Qxg4+ 33. Kxg4 Kf7 34. Be1 g5 35. Bg3 Nh7 36. f4 gxf4 37. exf4 exf4 38. Bxf4 Re6 39. Rxd6 Nf6+ 40. Kf5 Rxd6 41. Bxd6 Nxh5 42. Bc7 Ng7+ 43.
Kg4 h5+ 44. Kh4 Ne6 45. Bxb6 Nd4 46. Bxa5 Nxb3 47. Bb6 Ke6 48. a5 Kd7 49. Kxh5 Nd2 50. Bxc5 Nxe4 51. Bb6 Nd2 52. c5 Nb3 53. Kg5 Nxc5 54.
Bxc5 Kc6 55. a6 Kc7 56. Ba7 Kc6 57. Bd4 Kc7 58. Kf5 Kb8 59. Ke6 Ka8 60. Kd6 Kb8 61.
Kc6 Ka8 62. Kc7 1/2-1/2

[Event "Late-Titled-Tuesday-Blitz-April-02-2024"]
[Site "Chess.com"]
[Date "2024.04.02"]
[Round "2"]
[White "Supelyel"]
[Black "rasmussvane"]
[Result "0-1"]
[WhiteElo "2409"]
[BlackElo "2900"]
[TimeControl "180+1"]
[EndTime "14:17:23 PDT"]
[Termination "rasmussvane won by resignation"]

1. c4 f5 2. g3 Nf6 3. Bg2 g6 4. Nc3 Bg7 5. Nf3 O-O 6. O-O d6 7. d3 e5 8. Bg5 c6 9. Rb1 a5 10. a3 Be6 11. Qc2 Nbd7 12. b4 axb4 13. axb4 d5 14.
Nd2 h6 15. Bxf6 Nxf6 16. b5 Qd6 17. Rfc1 Rfc8 18. bxc6 bxc6 19. c5 Qe7 20. Na4 Rc7 21.
Nb6 Re8 22. e4 fxe4 23. dxe4 d4 24. Bf1 Kh7 25. Bc4 Bg4 26. f3 Bh3 27. Bd3 Rf8 28. Nb3 Nh5 29. Qe2 Bf6 30. f4 exf4 31. e5 Qxe5 32. g4 Qxe2 33. Bxe2 Re7 34. Bf3 Re3 35. Nd2 Ng7 36. Nd7 Rf7 37. Nxf6+ Rxf6 38. Rb6 Rc3 39. Ra1 Re6 40. Rxc6 Rxc6 41. Bxc6 Rxc5 42. Be4 Bxg4 43.
Ra7 Re5 44. Kf2 h5 45. Bd3 Kh6 46. Ne4 Bf5 47. Kf3 Ne6 48. Nf6 Bxd3 49. h4 Re3+ 50. Kf2 g5 51. hxg5+ Kxg5 52. Nd5 Re2+ 53. Kf3 Re5 54.
Nxf4 Nxf4 55. Rg7+ Bg6 0-1